 Dungeon Crawl Stone Soup version 0.17.0-24-gcfadda4 (console) character file.

147 Kloppie the Stinger (level 5, 0/42 HPs)
             Began as a Deep Dwarf Venom Mage on Nov 15, 2015.
             Slain by an orc
             ... wielding a +2 trident of protection
              (6 damage)
             ... on level 3 of the Dungeon.
             The game lasted 00:11:50 (3261 turns).

Kloppie the Stinger (Deep Dwarf Venom Mage)         Turns: 3261, Time: 00:11:50

Health: 0/42       AC:  2    Str: 11    XL:     5   Next: 8%
Magic:  0/7        EV: 12    Int: 17    God:
Gold:   86         SH:  0    Dex: 13    Spells: 2 memorised, 3 levels left

rFire  . . .     SeeInvis .     h - +0 club
rCold  . . .     Clarity  .     a - +0 robe
rNeg   . . .     SustAt   .     (no shield)
rPois  .         Gourm    .     (no helmet)
rElec  .         Spirit   .     (no cloak)
rCorr  .         Warding  .     (no gloves)
rMut   .         Stasis   .     (no boots)
MR     .....                    (no amulet)
Stlth  ++........               (no ring)
                                (no ring)

@: non-regenerating, not resistant to hostile enchantments, unstealthy
A: damage resistance, recharge devices, sense surroundings 1, slow regeneration
3
a: Device Recharging


You were on level 3 of the Dungeon.
You were not hungry.

You visited 1 branch of the dungeon, and saw 3 of its levels.

You collected 86 gold pieces.

Inventory:

Hand Weapons
 h - a +0 club (weapon)
Armour
 a - a +0 robe (worn)
Jewellery
 e - an uncursed ring of protection from fire {unknown}
 p - an uncursed ring of flight {unknown}
Wands
 c - a wand of heal wounds (0)
Scrolls
 f - a scroll of amnesia {unknown}
 i - 2 scrolls of fear {unknown}
 k - 2 scrolls of recharging {unknown}
 l - 3 scrolls of identify {unknown}
 m - 2 scrolls of random uselessness {unknown}
 q - 2 scrolls of remove curse {unknown}
 r - a scroll of enchant armour {unknown}
 s - a scroll of teleportation {unknown}
Potions
 g - 4 potions of might {unknown}
 j - 2 potions of haste {unknown}
 n - a potion of mutation {unknown}
 o - a potion of brilliance {unknown}
 t - 2 potions of resistance {unknown}
 u - a potion of poison {unknown}
Books
 b - a Young Poisoner's Handbook

   Spells                             Type                      Level
   a - Sting                          Conjuration/Poison           1
   b - Cure Poison                    Poison                       2
   c - Mephitic Cloud                 Conjuration/Poison/Air       3
   d - Olgreb's Toxic Radiance        Poison                       4
   e - Venom Bolt                     Conjuration/Poison           5
Comestibles
 d - 4 bread rations
 v - 3 chunks of flesh


   Skills:
 - Level 2.1 Dodging
 - Level 2.4 Stealth
 - Level 1.8 Spellcasting
 + Level 3.0 Conjurations
 + Level 4.3 Poison Magic


You had 3 spell levels left.
You knew the following spells:

 Your Spells              Type           Power        Failure   Level  Hunger
a - Sting                 Conj/Pois      ##..         4%          1    #......
b - Mephitic Cloud        Conj/Pois/Air  #.......     24%         3    ###....


Dungeon Overview and Level Annotations

Branches:
Dungeon (3/15)

Altars:


Innate Abilities, Weirdness & Mutations

You are resistant to damage.
You can recharge devices by infusing magical energy.
You passively map a small area around you.
You do not regenerate naturally.


Message History

The orc is moderately wounded.
The orc hits you from afar with a trident of protection!
* * * LOW HITPOINT WARNING * * *
The orc barely misses you.
Things that are here:
a whip; an orc skeleton You hit the orc.
The orc is heavily wounded.
The orc closely misses you.
Evoke which item? (* to show all) (? for menu, Esc to quit)
This wand has no charges.
You don't have enough magic at the moment.
You closely miss the orc.
The orc is heavily wounded.
The orc hits you with a trident of protection.
* * * LOW HITPOINT WARNING * * *
You barely miss the orc.
The orc is heavily wounded.
The orc hits you with a trident of protection!
You die...

K...., ...#### *.... *
#..... ... * ##.....
..# * #...... ##†.# ,*
#..... #...# * * ##....
#.#.# #..## #o#.# ##..#
#@#.# * #.# #.#.# * #.)
#.#.# * ##. ######.#.##
######### #......)..#
##......###
#.........###........##
#.........##..........#
#######...............#
,...................#


You could see an orc.

Vanquished Creatures
  A hound (D:2)
  2 adders
  An ooze (D:1)
  3 worms
  9 giant geckos
  6 orcs
  2 ball pythons
  2 giant cockroaches
  5 goblins
  6 hobgoblins
  10 kobolds
  3 quokkas
  6 bats
  4 giant newts
  9 jackals
  7 rats
76 creatures vanquished.

Notes
Turn   | Place    | Note
--------------------------------------------------------------
     0 | D:1      | Kloppie the Deep Dwarf Venom Mage began the quest for the Orb.
     0 | D:1      | Reached XP level 1. HP: 15/15 MP: 3/3
   240 | D:1      | Reached XP level 2. HP: 20/22 MP: 1/4
   287 | D:1      | Reached skill level 1 in Conjurations
   773 | D:1      | Reached XP level 3. HP: 16/28 MP: 1/5
  1288 | D:2      | Learned a level 3 spell: Mephitic Cloud
  2350 | D:2      | Reached skill level 4 in Poison Magic
  2350 | D:2      | Reached XP level 4. HP: 21/36 MP: 0/6
  2955 | D:3      | Noticed a centaur
  2963 | D:3      | HP: 1/36 [orc priest/divine providence (10)]
  3128 | D:3      | Reached XP level 5. HP: 23/42 MP: 1/7
  3261 | D:3      | Slain by an orc

Action                   |  1- 3 |  4- 6 || total
-------------------------+-------+-------++-------
Melee: Unarmed           |    24 |       ||    24
       Club              |    31 |    61 ||    92
 Cast: Sting             |    87 |    65 ||   152
Evoke: Wand              |     1 |     4 ||     5
  Eat: Chunk             |     6 |     5 ||    11
